 Dungeon Crawl Stone Soup version 0.30-a0-860-g512cf1e979 (webtiles) character file.

Game seed: 1795756896758010425

31 zenocrate the Insei (level 3, -1/23 HPs)
             Began as an Octopode Transmuter on Mar 7, 2023.
             Slain by Natasha (6 damage)
             ... on level 2 of the Dungeon.
             The game lasted 00:00:41 (636 turns).

zenocrate the Insei (Octopode Transmuter)            Turns: 636, Time: 00:00:41

Health: -1/23      AC:  1    Str:  9    XL:     3   Next: 22%
Magic:  3/6        EV: 13    Int: 17    God:
Gold:   74         SH:  0    Dex: 12    Spells: 3/6 levels left

rFire   . . .      SeeInvis .      - Unarmed
rCold   . . .      Faith    .    (no shield)
rNeg    . . .      Spirit   .    (helmet currently unavailable)
rPois   .          Reflect  .    (no amulet)
rElec   .          Rampage  .    (no ring)
rCorr   .                        (no ring)
Will    .....                    (no ring)
Stlth   +++                      (no ring)
HPRegen 0.23/turn                (no ring)
MPRegen 0.10/turn                (no ring)
                                 (no ring)
                                 (no ring)

@: appendages, wereblooded
A: tentacle spike 3, almost no armour, amphibious, 8 rings, camouflage 1,
gelatinous body 1, (nimble swimmer 1), tentacles
a: End Transformation


You were on level 2 of the Dungeon.
One of your tentacles had grown a beastly spike.
You visited 1 branch of the dungeon, and saw 2 of its levels.

You collected 74 gold pieces.

Inventory:

Scrolls
 b - 2 scrolls of teleportation {unknown}
 c - 2 scrolls of identify
 d - a scroll of immolation {unknown}
Potions
 a - a potion of lignification
 e - a potion of curing
 f - 2 potions of brilliance {unknown}


   Skills:
 - Level 1.0 Fighting
 - Level 2.0 Dodging
 - Level 1.1 Stealth
 + Level 3.6 Unarmed Combat
 - Level 2.0 Spellcasting
 + Level 2.8 Transmutations


You had 3 spell levels left.
You knew the following spells:

 Your Spells              Type           Power      Damage    Failure   Level
a - Beastly Appendage     Tmut           22%        N/A       6%          1
b - Wereblood             Tmut           11%        N/A       10%         2

Your spell library contained the following spells:

 Spells                   Type           Power      Damage    Failure   Level
 Spider Form              Tmut/Pois      6%         N/A       32%         3
 Ice Form                 Ice/Tmut       6%         N/A       73%         4


Dungeon Overview and Level Annotations

Branches:
Dungeon (2/15)

Altars:

Annotations:
D:2 Natasha


Innate Abilities, Weirdness & Mutations

One of your tentacles has grown a beastly spike.
You cannot wear most types of armour.
You are amphibious.
You can wear up to eight rings at the same time.
Your skin changes colour to match your surroundings (Stealth+).
Your rubbery body absorbs attacks. (AC +1, EV +1)
((You are camouflaged when in or above water. (Stealth+)))
You have tentacles for arms and can constrict up to eight enemies at once.


Message History

No target in view!
No target in view!
No target in view!
b - 2 scrolls labelled DOONOILER (gained 1)
You now have 74 gold pieces (gained 13).
You open the door.
There is an open door here.
c - 3 scrolls labelled BANUSS ZUZIBIE (gained 1) As you open the door, it creaks loudly!
Found 2 murky coppery potions.
No target in view!
There is an open door here.
No target in view!
No target in view!
f - 2 murky coppery potions Natasha, Servant of Life and Death comes into view.
Found an arbalest.
As you read the scroll labelled BANUSS ZUZIBIE, it crumbles to dust.
It is a scroll of identify.
e - a potion of curing
Casting: Wereblood (safe; 10% risk of failure)
Confirm with . or Enter, or press ? or * to list all spells.
One of your tentacles grows a vicious spike.
Natasha hisses angrily.
Casting: Beastly Appendage (safe; 6% risk of failure)
Confirm with . or Enter, or press ? or * to list all spells.
Your blood is infused with primal strength.
Natasha stares at you and mumbles some strange words.
The magic dart hits you!
You miss Natasha. You grab Natasha.
Your tentacle spike misses Natasha.
You constrict Natasha, but do no damage.
Natasha casts a spell at you. The magic dart hits you!
* * * LOW HITPOINT WARNING * * *
You tentacle-slap Natasha.
Your tentacle spike misses Natasha.
Your squeeze misses Natasha.
Natasha is heavily wounded.
You constrict Natasha, but do no damage.
Natasha claws you.
You die...

###########
..........#
#########.# . #.#
#.#.# #########
#.#'#+#.......#
####.......#.###.#
............+.@h..#
.####.......##......#
#.......++......#
#.......##......#
#.......##......#
...................
#.#.#########)#.###.
..... .#.# ##...


You could see Natasha.

Vanquished Creatures
  An adder (D:2)
  A dart slug (D:1)
  2 ball pythons (D:1)
  2 bats
  2 endoplasms
  3 goblins (D:1)
  A hobgoblin (D:1)
  A kobold (D:1)
  A quokka (D:1)
  2 frilled lizards (D:1)
  2 rats (D:1)
18 creatures vanquished.

Notes
Turn   | Place    | Note
-------+----------+-------------------------------------------
     0 | D:1      | zenocrate the Octopode Transmuter began the quest for the
                  | Orb.
     0 | D:1      | Reached XP level 1. HP: 13/13 MP: 3/3
   145 | D:1      | Reached skill level 1 in Stealth
   145 | D:1      | Reached XP level 2. HP: 17/18 MP: 5/5
   148 | D:1      | Learned a level 2 spell: Wereblood
   512 | D:2      | Reached XP level 3. HP: 22/23 MP: 6/6
   630 | D:2      | Noticed Natasha
   636 | D:2      | Slain by Natasha

Illustrated notes

Levels and vault maps discovered:
D:1:      grunt_arrival_lava_bath, layout_rooms
D:2:      layout_basic, basic_altar, uniq_natasha, uniq_terence

Skill      XL: |  1 |
---------------+----+-----
Stealth        | 1 |  1.1
Fighting       | |  1.0
Dodging        | |  2.0
Unarmed Combat | |  3.6
Spellcasting   | |  2.0
Transmutations | |  2.8

Action                     || total
---------------------------++-------
  Melee: Unarmed           ||    43
         Constrict         ||    12
         Tentacles         ||     9
         Punch             ||     1
         Kick              ||     1
   Cast: Beastly Appendage ||     4
         Wereblood         ||     4
    Use: Scroll            ||     1
   Stab: Sleeping          ||     1
 Armour: Skin              ||     7
  Dodge: Dodged            ||    21

Table legend: (Time is in decaauts)
 A = Elapsed time spent in this place.
 B = Non-inter-level travel time spent in this place.
 C = Inter-level travel time spent in this place.
 D = Time resting spent in this place.
 E = Time spent auto-exploring this place.
 F = Levels seen in this place.
 G = Mean time per level.
                   A        B        C        D        E       F      G
               +--------+--------+--------+--------+--------+-----+--------+
         Total |    632 |    604 |     28 |      0 |    471 |   2 |  316.0 |
       Dungeon |    632 |    604 |     28 |      0 |    471 |   2 |  316.0 |
               +--------+--------+--------+--------+--------+-----+--------+

Top non-repeatable levels by time:
     D:1: 468 daAuts
     D:2: 164 daAuts
